 Dungeon Crawl Stone Soup version 0.23.1 (webtiles) character file.

Game seed: 0

7380 night the Basher (level 11, -4/120 HPs)
             Began as an Ogre Hunter on Mar 6, 2019.
             Was a High Priest of Okawaru.
             Slain by a water moccasin (10 damage)
             ... on level 1 of the Lair of Beasts.
             The game lasted 00:27:25 (11977 turns).

night the Basher (Ogre Hunter)                     Turns: 11977, Time: 00:27:26

Health: -4/120     AC:  8    Str: 21    XL:     11   Next: 14%
Magic:  12/15      EV: 14    Int: 14    God:    Okawaru [*****.]
Gold:   558        SH:  0    Dex: 17    Spells: 9/10 levels left

rFire    . . .     SeeInvis +   y - +0 giant spiked club
rCold    . . .     Gourm    .   (shield currently unavailable)
rNeg     . . .     Faith    .   q - +2 robe of Duty {Dex+8}
rPois    .         Spirit   .   E - +1 hat {SInv}
rElec    .         Reflect  .   F - scarf {repulsion}
rCorr    .         Harm     .   (gloves unavailable)
MR       ++...                  (boots unavailable)
Stlth    +++.......             (no amulet)
HPRegen  0.30/turn              z - ring of protection from magic
MPRegen  0.14/turn              (no ring)

@: heroism, marked, slowed, repel missiles, very slow
A: large, unfitting armour, slimy green scales 1, blurry vision 1, clever 1,
tough skin 1
a: Heroism, Finesse, Renounce Religion


You were on level 1 of the Lair of Beasts.
You worshipped Okawaru.
Okawaru was extremely pleased with you.
You were hungry.

You visited 3 branches of the dungeon, and saw 11 of its levels.
You also visited: Sewer.

You collected 558 gold pieces.

Inventory:

Hand Weapons
 w - a +0 giant club
 y - a +0 giant spiked club (weapon)
Missiles
 c - 9 large rocks (quivered)
 d - 2 throwing nets
 m - 9 tomahawks
Armour
 n - a +2 robe of cold resistance
 q - the +2 robe of Duty (worn) {Dex+8}
   (You found it on level 4 of the Dungeon)

   It affects your dexterity (+8).
 E - a +1 hat of see invisible (worn)
 F - a scarf of repulsion (worn)
Magical Staves
 o - an uncursed staff of power
Jewellery
 i - an uncursed ring of ice
 z - a ring of protection from magic (left hand)
 D - an uncursed ring of see invisible {unknown}
Wands
 r - a wand of polymorph (8)
 x - a wand of acid (10)
 A - a wand of flame (11)
 B - a wand of scattershot (4)
 C - a wand of random effects (7)
Scrolls
 e - 5 scrolls of teleportation
 g - 2 scrolls of magic mapping
 j - 2 scrolls of noise {unknown}
 k - 2 scrolls of remove curse
 l - a scroll of enchant armour
 p - 2 scrolls of amnesia {unknown}
 s - 2 scrolls of fog {unknown}
 u - 11 scrolls of identify {unknown}
Potions
 a - 3 potions of lignification
 b - 3 potions of flight
 t - a potion of degeneration {unknown}
 v - a potion of curing
Comestibles
 f - 14 rations


   Skills:
 + Level 11.4(16.4) Fighting
 + Level 11.8(16.8) Maces & Flails
 - Level 5.0(10.0) Throwing
 - Level 1.7(6.7) Dodging
 - Level 0.6(5.6) Stealth
 + Level 5.3 Invocations


You had 9 spell levels left.
You knew the following spells:

 Your Spells              Type           Power        Failure   Level  Hunger
a - Confusing Touch       Hex            #.....       28%         1    ##.....

Your spell library contained the following spells:

 Spells                   Type           Power        Failure   Level  Hunger
 Animate Skeleton         Necr           N/A          28%         1    ##.....
 Apportation              Tloc           #.....       28%         1    ##.....
 Beastly Appendage        Tmut           #.....       28%         1    ##.....
 Flame Tongue             Conj/Fire      #....        28%         1    ##.....
 Summon Small Mammal      Summ           #...         28%         1    ##.....
 Corpse Rot               Necr           N/A          41%         2    ###....
 Sticks to Snakes         Tmut           #.......     41%         2    ###....
 Sublimation of Blood     Necr           #.........   41%         2    ###....
 Throw Flame              Conj/Fire      #.....       41%         2    ###....
 Conjure Flame            Conj/Fire      #.......     65%         3    ####...
 Inner Flame              Hex/Fire       #.......     65%         3    ####...
 Spider Form              Tmut/Pois      #.........   65%         3    ####...
 Ice Form                 Ice/Tmut       #.......     96%         4    #####..
 Sticky Flame             Conj/Fire      #.......     96%         4    #####..
 Agony                    Necr           #.......     100%        5    ######.
 Blade Hands              Tmut           #.........   100%        5    ######.
 Bolt of Draining         Conj/Necr      #.........   100%        5    ######.
 Dispel Undead            Necr           #.......     100%        5    ######.
 Excruciating Wounds      Chrm/Necr      #.........   100%        5    ######.
 Fireball                 Conj/Fire      #.........   100%        5    ######.


Dungeon Overview and Level Annotations

Branches:
Dungeon (9/15)             Temple (1/1) D:7            Lair (1/6) D:9
    Orc (0/2) D:9

Altars:
Ashenzari
Cheibriados
Dithmenos
Elyvilon
Fedhas
Gozag
Hepliaklqana
Kikubaaqudgha
Makhleb
Nemelex Xobeh
Okawaru
Qazlal
Ru
Sif Muna
Trog
Uskayaw
Vehumet
Wu Jian
Xom
Yredelemnul
Zin
The Shining One

Shops:
D:7 =

Annotations:
D:6 1 runed translucent door, grocchini's ghost, novice DsMo
Lair:1 Sonja


Innate Abilities, Weirdness & Mutations

You are too large for most types of armour.
You have tough skin. (AC +1)
You are partially covered in slimy green scales. (AC +2)
Scrolls take you a little longer to read.
Your mind is acute. (Int +2)


Message History

You gain the combat prowess of a mighty hero.
You feel sick. The water moccasin barely misses you.
The water moccasin bites you.
* * * LOW HITPOINT WARNING * * *
Harold hits you with a +0 short sword!
* * * LOW HITPOINT WARNING * * *
Sonja bows elegantly.
You feel better. The water moccasin bites you.
* * * LOW HITPOINT WARNING * * *
Sonja shoots a curare-tipped needle.
The curare-tipped needle barely misses you.
The curare-tipped needle hits Harold.
Harold looks as sick as possible!
Harold convulses.
Harold seems to be slow for longer.
The water moccasin bites you.
* * * LOW HITPOINT WARNING * * *
Harold hits you with a +0 short sword.
* * * LOW HITPOINT WARNING * * *
Harold dies!
The water moccasin bites you!
You die...

...............
........................
....(...................
........................
................<.......
$...............##.†....
..........(K....##......
...........##....#......
.......@....##.......#..
.......S.(..........#.#.
......)............##...
...................# #..
...................# ..
...(..P.............. ..
..(................... .
..(...................
.(.....(.............


You could see Sonja and a water moccasin.

Vanquished Creatures
  Gastronok (Lair:1)
  A two-headed ogre (D:9)
  An unseen horror (D:7)
  A komodo dragon (Lair:1)
  Grinder (D:3)
  A hippogriff (D:7)
  A spriggan (D:7)
  A wraith (D:7)
  A steam dragon (D:7)
  Duvessa (D:5)
  2 ice beasts
  A phantom (D:7)
  An orc warrior (D:7)
  A sky beast (D:7)
  4 ogres
  A centaur (D:9)
  A crocodile (Lair:1)
  4 big kobolds
  Blork the orc (D:4)
  5 bullfrogs
  Dowan (D:5)
  4 scorpions
  A killer bee (D:8)
  6 howler monkeys
  2 crimson imps
  A bullfrog zombie (D:7)
  2 hounds
  5 jellies
  3 orc priests
  A bullfrog skeleton (D:9)
  6 iguanas
  4 orc wizards
  7 worker ants
  2 hound zombies
  A howler monkey zombie (D:9)
  3 gnolls (D:6)
  10 adders
  3 river rats (Sewer)
  A shadow imp (D:7)
  3 adder zombies
  An adder skeleton (D:4)
  3 worms
  2 dart slugs
  3 leopard geckos
  25 orcs
  7 giant cockroaches
  8 goblins
  8 hobgoblins
  3 jackals
  15 kobolds
  2 quokkas
  A ball python (D:6)
  11 bats
  6 frilled lizards
  2 jackal skeletons
  5 rats
199 creatures vanquished.

Vanquished Creatures (others)
  Harold (Lair:1)
1 creature vanquished.

Grand Total: 200 creatures vanquished

Notes
Turn   | Place    | Note
-------+----------+-------------------------------------------
     0 | D:1      | night the Ogre Hunter began the quest for the Orb.
     0 | D:1      | Reached XP level 1. HP: 22/22 MP: 1/1
   439 | D:1      | Reached XP level 2. HP: 20/29 MP: 2/2
  1101 | D:2      | Reached XP level 3. HP: 7/36 MP: 3/3
  1403 | D:2      | Reached skill level 1 in Maces & Flails
  2032 | D:2      | Reached skill level 5 in Throwing
  2415 | D:2      | Reached XP level 4. HP: 23/44 MP: 4/4
  2960 | D:2      | Found a shadowy altar of Dithmenos.
  3236 | D:3      | Reached XP level 5. HP: 50/50 MP: 5/5
  3634 | D:3      | Reached XP level 6. HP: 33/59 MP: 6/6
  3826 | D:3      | Noticed Grinder
  3830 | D:3      | Paralysed by Grinder for 2 turns
  3835 | D:3      | Paralysed by Grinder for 2 turns
  3841 | D:3      | Killed Grinder
  3841 | D:3      | Reached skill level 5 in Maces & Flails
  3841 | D:3      | Reached XP level 7. HP: 64/66 MP: 7/7
  4293 | D:3      | Found an iron altar of Okawaru.
  4308 | D:3      | Became a worshipper of Warmaster Okawaru
  4583 | D:4      | Noticed Blork the orc
  4606 | D:4      | Gained mutation: Scrolls take you a little longer to read.
                  | [potion of mutation]
  4606 | D:4      | Gained mutation: Your mind is acute. (Int +2) [potion of
                  | mutation]
  4606 | D:4      | Gained mutation: You are partially covered in slimy green
                  | scales. (AC +2) [potion of mutation]
  4616 | D:4      | Killed Blork the orc
  5268 | D:4      | Found a blossoming altar of Fedhas.
  5521 | D:4      | Got an opalescent robe
  5532 | D:4      | Identified the +2 robe of Duty {Dex+8} (You found it on
                  | level 4 of the Dungeon)
  5589 | D:5      | Entered Level 5 of the Dungeon
  5654 | D:5      | Noticed Dowan
  5659 | D:5      | Noticed Duvessa
  5678 | D:5      | Killed Duvessa
  5694 | D:5      | Killed Dowan
  5727 | D:5      | HP: 2/66 [iguana (11)]
  6033 | D:5      | Reached XP level 8. HP: 72/74 MP: 8/8
  6167 | D:5      | Reached * piety under Okawaru
  6185 | D:5      | Found a stormy altar of Qazlal.
  6588 | D:6      | Found a glowing drain.
  6599 | Sewer    | Entered a sewer
  6819 | Sewer    | Found a white marble altar of Elyvilon.
  7195 | D:6      | Found a runed translucent door.
  7198 | D:6      | Noticed grocchini's ghost (novice DsMo)
  7720 | D:6      | Found a snail-covered altar of Cheibriados.
  7720 | D:6      | Found a sparkling altar of Nemelex Xobeh.
  7720 | D:6      | Found a sacrificial altar of Ru.
  7856 | D:7      | Reached ** piety under Okawaru
  8218 | D:7      | Noticed a hippogriff
  8231 | D:7      | Killed a hippogriff
  8231 | D:7      | Reached skill level 5 in Fighting
  8231 | D:7      | Reached XP level 9. HP: 25/88 MP: 9/9
  8791 | D:7      | Reached skill level 10 in Maces & Flails
  8802 | D:7      | Reached *** piety under Okawaru
  8817 | D:7      | HP: 3/93 [bullfrog (3)]
  9211 | D:7      | Found a staircase to the Ecumenical Temple.
  9220 | D:7      | Found Wikh's Jewellery Shop.
  9222 | Temple   | Entered the Ecumenical Temple
  9581 | D:7      | Killed an unseen horror
  9581 | D:7      | Reached XP level 10. HP: 30/106 MP: 10/10
  9893 | D:7      | Reached **** piety under Okawaru
  9893 | D:7      | Received a gift from Okawaru
 10170 | D:8      | Learned a level 1 spell: Confusing Touch
 10439 | D:8      | HP: 3/109 [killer bee (7)]
 11038 | D:9      | Found a shimmering altar of Xom.
 11044 | D:9      | Reached skill level 1 in Invocations
 11254 | D:9      | Noticed a two-headed ogre
 11258 | D:9      | Killed a two-headed ogre
 11258 | D:9      | Reached skill level 10 in Fighting
 11288 | D:9      | Found a shattered altar of Ashenzari.
 11343 | D:9      | Found a staircase to the Lair.
 11367 | D:9      | Found a hide-covered altar of Uskayaw.
 11407 | D:9      | Found an ornate altar of the Wu Jian Council.
 11592 | D:9      | Found a staircase to the Orcish Mines.
 11782 | Lair:1   | Entered Level 1 of the Lair of Beasts
 11782 | Lair:1   | Noticed Gastronok
 11792 | Lair:1   | Killed Gastronok
 11792 | Lair:1   | Reached ***** piety under Okawaru
 11792 | Lair:1   | Received a gift from Okawaru
 11792 | Lair:1   | Reached skill level 5 in Invocations
 11792 | Lair:1   | Reached XP level 11. HP: 78/120 MP: 12/14
 11958 | Lair:1   | Noticed Sonja
 11961 | Lair:1   | Noticed Harold
 11976 | Lair:1   | HP: 6/120 [water moccasin (3)]
 11977 | Lair:1   | Killed Harold
 11977 | Lair:1   | Slain by a water moccasin

Skill      XL: |  1  2  3  4  5  6  7  8  9 10 |
---------------+-------------------------------+-----
Maces & Flails | 1 2 4 5 7 9 10 11 | 11.8
Throwing       | 5 |  5.0
Fighting       | 5 8 11 | 11.4
Invocations    | 5 |  5.3
Dodging        | |  1.7
Stealth        | |  0.6

Action                   |  1- 3 |  4- 6 |  7- 9 | 10-12 || total
-------------------------+-------+-------+-------+-------++-------
Melee: Short sword       |    44 |       |       |       ||    44
       Whip              |    91 |       |       |       ||    91
       Club              |     8 |       |       |       ||     8
       Mace              |     4 |   103 |       |       ||   107
       Flail             |       |    11 |    69 |       ||    80
       Dire flail        |       |       |   112 |       ||   112
       Giant spiked club |       |       |   182 |   159 ||   341
       Giant club        |       |       |    47 |       ||    47
Throw: Large rock        |     1 |     4 |       |     7 ||    12
Invok: Heroism           |       |       |     1 |     1 ||     2
Evoke: Wand              |       |       |     2 |       ||     2
  Use: Potion            |     2 |       |     4 |     5 ||    11
       Scroll            |       |       |     6 |     1 ||     7
 Stab: Sleeping          |     1 |       |     3 |     4 ||     8
  Eat: Chunk             |     3 |     3 |    18 |     8 ||    32
       Ration            |       |     1 |       |       ||     1
Armor: Robe              |    45 |    35 |   158 |    29 ||   267
       Skin              |       |       |    10 |       ||    10
       Steam dragon scal |       |       |       |    39 ||    39
Dodge: Dodged            |    81 |    73 |   208 |   110 ||   472
       Deflected         |       |       |       |     3 ||     3
